 Dungeon Crawl Stone Soup version 0.22-a0-619-ga0c6fd2 (webtiles) character file.

530 chubbie the Shooter (level 7, -6/45 HPs)
             Began as a Halfling Hunter on July 14, 2018.
             Was a Follower of Ru.
             Killed by divine providence
             ... invoked by an orc priest
              (10 damage)
             ... on level 4 of the Dungeon.
             The game lasted 00:56:55 (4252 turns).

chubbie the Shooter (Halfling Hunter)               Turns: 4252, Time: 00:56:55

Health: -6/45      AC: 11    Str: 13    XL:     7   Next: 48%
Magic:  7/7        EV:  6    Int:  9    God:    Ru [*.....]
Gold:   309        SH:  0    Dex: 20    Spells: 6/6 levels left

rFire    . . .     SeeInvis .   b - +0 short sword
rCold    . . .     Gourm    .   (shield restricted)
rNeg     . . .     Faith    .   A - +0 plate armour
rPois    .         Spirit   .   (no helmet)
rElec    .         Reflect  .   (no cloak)
rCorr    .         Harm     .   h - +0 pair of gloves {Dex+3}
MR       .....                  (no boots)
Stlth    ..........             (no amulet)
HPRegen  0.15/turn              (no ring)
MPRegen  0.10/turn              (no ring)

@: lethally poisoned (-6 -> -8)
A: small, mutation resistance 1, no conjurations magic, no hexes magic, no ice
magic
a: Renounce Religion


You were on level 4 of the Dungeon.
You worshipped Ru.
Ru was aware of your devotion.
You were not hungry.

You visited 1 branch of the dungeon, and saw 5 of its levels.

You collected 309 gold pieces.

Inventory:

Hand Weapons
 a - a +1 shortbow
 b - a +0 short sword (weapon)
 x - a +0 hunting sling
Missiles
 k - 18 poisoned needles
 y - a sling bullet
 z - 2 arrows
Armour
 h - a +0 pair of gloves of dexterity (worn)
 A - a +0 plate armour (worn)
Wands
 s - a wand of acid (10)
Scrolls
 e - 2 scrolls of fog {unknown}
 f - a scroll of noise {unknown}
 g - 2 scrolls of immolation {unknown}
 j - a scroll of identify {unknown}
 n - 2 scrolls of teleportation {unknown}
 t - a scroll of enchant armour {unknown}
 u - 3 scrolls of remove curse {unknown}
 v - a scroll of magic mapping {unknown}
 w - a scroll of amnesia {unknown}
Potions
 c - a potion of heal wounds {unknown}
 i - a potion of ambrosia {unknown}
 l - 2 potions of degeneration {unknown}
 m - a potion of mutation {unknown}
 o - a potion of curing {unknown}
 p - 3 potions of brilliance {unknown}
 r - 2 potions of haste {unknown}
Comestibles
 d - a ration


   Skills:
 + Level 2.8 Fighting
 + Level 2.5 Short Blades
 + Level 4.1 Slings
 + Level 7.1 Bows
 + Level 1.8 Armour
 + Level 2.8 Dodging
 + Level 1.4 Stealth


You had 6 spell levels left.
You didn't know any spells.
Your spell library was empty.

Dungeon Overview and Level Annotations

Branches:
Dungeon (5/15)
 Temple: D:4-7

Altars:
Ru

Shops:
D:4 [


Innate Abilities, Weirdness & Mutations

You are small and have problems with some larger weapons.
You are somewhat resistant to further mutation.
You cannot study or cast Conjurations magic.
You cannot study or cast Hexes magic.
You cannot study or cast Ice magic.


Message History

The orc priest is lightly wounded.
You feel sick.
You hit the orc priest but do no damage.
The orc priest is lightly wounded.
The orc priest mumbles some strange prayers to Beogh against you.
Beogh smites you!
Your plate armour prevents you from hitting the orc priest.
The orc priest is lightly wounded.
The orc priest mumbles some strange prayers to Beogh against you.
Beogh smites you!
* * * LOW HITPOINT WARNING * * *
The orc priest hits you but does no damage.
You climb upwards.
You feel sick.
There is a stone staircase leading down here.
The orc priest looks satisfied for a moment.
You open the door.
The orc priest hits you but does no damage.
The orc priest invokes the aid of Beogh against you.
Beogh smites you!
You die...

#.# #...........# #.#
#.#.#######.###### #.#
##.#.#######....... #.#
#####.................. #.#
#........#######.##.##. #.#
#.#.##................. #.#
#.#..o.#.##########.###
#.######.#..#>................
#...........#@#'#######....###
#.######.#.#......#####....###
#..........+......'...'.......
#.######.#.#......#####......#
#.................# #......#
####..).........### #......#
#####.#.#....#### #......#
#.#.........# #......# ######
#.#.........# ##.....#


You could see an orc priest.

Vanquished Creatures
  An ogre (D:4)
  A scorpion (D:4)
  2 howler monkeys (D:4)
  2 hounds (D:4)
  A worker ant (D:4)
  An iguana (D:4)
  A gnoll (D:4)
  9 adders
  4 oozes
  2 worms (D:2)
  2 dart slugs (D:1)
  3 leopard geckos
  12 orcs
  3 giant cockroaches
  10 goblins
  6 hobgoblins
  5 jackals
  3 quokkas
  9 bats
  6 frilled lizards
  A jackal skeleton (D:4)
  7 kobolds
  5 rats
96 creatures vanquished.

Notes
Turn   | Place    | Note
-------+----------+-------------------------------------------
     0 | D:1      | chubbie the Halfling Hunter began the quest for the Orb.
     0 | D:1      | Reached XP level 1. HP: 14/14 MP: 1/1
   107 | D:1      | Reached XP level 2. HP: 15/19 MP: 2/2
   124 | D:1      | Reached skill level 5 in Bows
   377 | D:1      | Reached XP level 3. HP: 24/24 MP: 3/3
   620 | D:1      | Reached skill level 1 in Short Blades
   911 | D:2      | Reached XP level 4. HP: 29/29 MP: 4/4
  1186 | D:2      | Reached skill level 6 in Bows
  1545 | D:2      | Reached XP level 5. HP: 34/34 MP: 5/5
  2232 | D:3      | Found a sacrificial altar of Ru.
  2240 | D:3      | Became a worshipper of Ru the Awakened
  2927 | D:4      | Noticed an ogre
  2936 | D:4      | Killed an ogre
  2936 | D:4      | Reached skill level 1 in Armour
  2936 | D:4      | Reached XP level 6. HP: 38/39 MP: 6/6
  2938 | D:4      | Reached skill level 7 in Bows
  2973 | D:4      | Reached skill level 1 in Slings
  3019 | D:4      | Noticed an ogre
  3034 | D:5      | Entered Level 5 of the Dungeon
  3410 | D:4      | Reached XP level 7. HP: 45/45 MP: 7/7
  3435 | D:4      | Found Dehiemou's Antique Armour Shop.
  3761 | D:4      | Gained mutation: You cannot study or cast Ice magic. [Ru sacrifice]
  3761 | D:4      | Gained mutation: You cannot study or cast Hexes magic. [Ru sacrifice]
  3761 | D:4      | Gained mutation: You cannot study or cast Conjurations magic. [Ru sacrifice]
  3761 | D:4      | Reached * piety under Ru
  4252 | D:4      | Killed from afar by an orc priest

Vault maps used:
D:1:      scummos_arrival_gate
D:2:      minmay_pentomino_p4
D:3:      nicolae_ru_sacrificial_ziggurat
D:4:      first_ration, serial_shops, shop, kennysheep_generic_room_5
D:5:      chequers_temple_overflow_minitemple, uniq_sigmund

Skill      XL: |  1  2  3  4  5  6  7 |
---------------+----------------------+-----
Bows           | 5 6 7 |  7.1
Short Blades   | 1 2 |  2.5
Fighting       | 2 |  2.8
Armour         | 1 |  1.8
Slings         | 2 4 |  4.1
Dodging        | |  2.8
Stealth        | |  1.4

Action                   |  1- 3 |  4- 6 |  7- 9 || total
-------------------------+-------+-------+-------++-------
Melee: Short sword       |    12 |    21 |    31 ||    64
 Fire: Shortbow          |    80 |   102 |       ||   182
       Hunting sling     |       |    38 |    52 ||    90
Invok: Sacrifice Arcana  |       |       |     1 ||     1
  Eat: Ration            |       |     2 |     1 ||     3
Armor: Leather armour    |    10 |     1 |       ||    11
       Robe              |       |     1 |       ||     1
       Ring mail         |       |    16 |       ||    16
       Plate armour      |       |       |    34 ||    34
Dodge: Dodged            |    40 |    45 |    19 ||   104

Table legend:
 A = Spawn XP
 B = Non-spawn XP
 C = Spawn XP percentage of total XP
 D = Spawn monster count
 E = Non-spawn monster count
 F = Spawn count percentage of total count
 G = Total turns spent on level
                    A         B        C        D         E        F      G
               +---------+---------+-------+---------+---------+-------+---------
         Total |       0 |     758 |   0.0 |       0 |      96 |   0.0 |  4252
               +---------+---------+-------+---------+---------+-------+---------
           D:1 |       0 |      58 |   0.0 |       0 |      30 |   0.0 |   902
           D:2 |       0 |     108 |   0.0 |       0 |      28 |   0.0 |   924
           D:3 |       0 |      49 |   0.0 |       0 |      18 |   0.0 |   742
           D:4 |       0 |     523 |   0.0 |       0 |      17 |   0.0 |  1631
           D:5 |       0 |      20 |   0.0 |       0 |       3 |   0.0 |    53
               +---------+---------+-------+---------+---------+-------+---------
